 Dungeon Crawl Stone Soup version 0.13-a0-1628-g8987dc3 (webtiles) character file.

145 4tharraofdagon the Firebug (level 3, 0/24 HPs)
             Began as a Demonspawn Fire Elementalist on June 16, 2013.
             Succumbed to poison (a potion of poison)
             ... on Level 5 of the Dungeon.
             The game lasted 00:04:45 (665 turns).

4tharraofdagon the Firebug (DsFE)                    Turns: 665, Time: 00:04:45

HP   0/24        AC  5     Str 13      XL: 3   Next: 64%
MP   6/6         EV 12     Int 17      God:
Gold 92          SH  2     Dex 13      Spells:  2 memorised,  1 level left

Res.Fire  : . . .   See Invis. : .   h - +1 short sword
Res.Cold  : . . .   Warding    : .   a - +0 robe
Life Prot.: . . .   Conserve   : .   (no shield)
Res.Poison: .       Res.Corr.  : .   (no helmet)
Res.Elec. : .       Clarity    : .   (no cloak)
Sust.Abil.: . .     Spirit.Shd : .   i - +0 pair of gloves
Res.Mut.  : .       Rnd.Telep. : +   (no boots)
Res.Rott. : .       Flight     : .   (no amulet)
Saprovore : . . .                    (no ring)
                                     k - cursed ring of teleportation

@: mighty, mildly poisoned, not resistant to hostile enchantments, fairly
stealthy
A: claws 1, AC +2, SH +2
a: Evoke Teleportation


You were on level 5 of the Dungeon.
You were very full.

You visited 1 branch of the dungeon, and saw 5 of its levels.

You collected 72 gold pieces.

Inventory:

Hand weapons
 h - a +1,+1 short sword (weapon)
Missiles
 f - 16 darts (quivered)
Armour
 a - a +0 robe (worn)
 i - a +0 pair of gloves (worn)
Comestibles
 c - 4 bread rations
 j - a rotting chunk of adder flesh
Scrolls
 m - a scroll of magic mapping
Jewellery
 k - a cursed ring of teleportation (left hand)
Potions
 g - a potion of porridge
Books
 b - a book of Flames

   Spells                             Type                      Level
   *Flame Tongue                      Conjuration/Fire             1
   Throw Flame                        Conjuration/Fire             2
   *Conjure Flame                     Conjuration/Fire             3
   Inner Flame                        Hexes/Fire                   3
   Sticky Flame                       Conjuration/Fire             4
   Fireball                           Conjuration/Fire             5


   Skills:
 - Level 1.7 Dodging
 - Level 1.7 Stealth
 + Level 1.7 Spellcasting
 * Level 2.0 Conjurations
 * Level 3.4 Fire Magic


You had one spell level left.
You knew the following spells:

 Your Spells              Type           Power        Failure   Level  Hunger
a - Flame Tongue          Conj/Fire      ##...        10%         1    #......
b - Conjure Flame         Conj/Fire      ##......     21%         3    ####...


Dungeon Overview and Level Annotations

Branches:
Dungeon (5/27)
 Temple: D:4-7

Altars:
Nemelex Xobeh
Trog


Innate Abilities, Weirdness & Mutations

You have sharp fingernails.
You are partially covered in large bone plates (AC +2, SH +2).


Message History

Drink which item? (? for menu, Esc to quit)
You feel very mighty all of a sudden.
It was a potion of might.
* * * LOW HITPOINT WARNING * * *
You feel sick.
You feel a little better.
* * * LOW HITPOINT WARNING * * *
You feel sick.
Found a scroll labeled CLIFEP EPOMUR.
* * * LOW HITPOINT WARNING * * *
You feel sick.
* * * LOW HITPOINT WARNING * * *
You feel sick.
Unknown command.
An orc zombie comes into view.
Unknown command.
Unknown command.
Found a fluorescent wand.
Unknown command.
You die...

. ..## ....# #z..##
..... . ...# .# ...#
..# ...#.#####.##...##
........@..........
./.#.#####.#......
..........# ...
##.###...# . #.......#
##### #.......###
#...# #....##...#
#...#
#.####....###...######
#.....................


There were no monsters in sight!

Vanquished Creatures
  3 adders (D:2)
  A worm (D:2)
  A giant gecko (D:1)
  A giant cockroach (D:1)
  A goblin (D:2)
  2 hobgoblins (D:1)
  4 jackals (D:1)
  2 bats (D:2)
  3 giant newts (D:2)
  A rat (D:2)
19 creatures vanquished.

Notes
Turn   | Place    | Note
--------------------------------------------------------------
     0 | D:1      | 4tharraofdagon, the Demonspawn Fire Elementalist, began the quest for the Orb.
     0 | D:1      | Reached XP level 1. HP: 13/13 MP: 3/3
   291 | D:1      | Gained mutation: You have sharp fingernails. [demonic ancestry]
   291 | D:1      | Reached XP level 2. HP: 13/19 MP: 0/4
   365 | D:2      | Reached skill level 3 in Fire Magic
   407 | D:2      | Found a sparkling altar of Nemelex Xobeh.
   469 | D:2      | Gained mutation: You are partially covered in large bone plates (AC +2, SH +2). [demonic ancestry]
   469 | D:2      | Reached XP level 3. HP: 6/24 MP: 6/6
   534 | D:2      | Found a bloodstained altar of Trog.
   549 | D:2      | Learned a level 3 spell: Conjure Flame
   625 | D:2      | Paralysed by a potion of paralysis for 4 turns
   633 | D:4      | Noticed a phantom
   640 | D:5      | Entered Level 5 of the Dungeon
   655 | D:5      | HP: 1/24 [poison (a potion of poison)]
   665 | D:5      | Succumbed to poison (a potion of poison)

Action                   || total
-------------------------++-------
Melee: Short sword       ||    15
Throw: Dart              ||     6
 Cast: Flame Tongue      ||    31
       Conjure Flame     ||     1
  Use: Potion            ||     5
       Scroll            ||     1
